 Dungeon Crawl Stone Soup version 0.30-a0-359-gd0147acb1a (webtiles) character file.

Game seed: 16419904959014252954

12545 freelancePsychic the Severer (level 11, -2/100 HPs)
             Began as a Hill Orc Transmuter on Nov 13, 2022.
             Was a Priest of Ignis.
             Slain by a balrug
             ... wielding a +0 demon whip
              (5 damage)
             ... in a Gauntlet.
             The game lasted 00:21:31 (12391 turns).

freelancePsychic the Severer (Hill Orc Transmuter) Turns: 12391, Time: 00:21:32

Health: -2/100     AC: 11    Str: 16    XL:     11   Next: 95%
Magic:  12/13      EV: 15    Int: 13    God:    Ignis [***...]
Gold:   813        SH:  5    Dex: 13    Spells: 12/13 levels left

rFire   + + .      SeeInvis .    a - +7 broad axe (flame)
rCold   . . .      Faith    .    (no shield)
rNeg    . . .      Spirit   .    f - +0 leather armour {rF+}
rPois   .          Reflect  +    (helmet currently unavailable)
rElec   .          Harm     .    p - +1 cloak
rCorr   .          Rampage  .    H - +1 pair of gloves
Will    .....      NoTele   +    (boots currently unavailable)
Stlth   +.........               i - amulet of reflection
HPRegen 0.36/turn                e - +4 ring of protection
MPRegen 0.13/turn                (no ring)

@: appendages, studying Dodging
A: horns 2, talons 2
a: End Transformation, Renounce Religion, Fiery Armour, Foxfire Swarm, Rising
Flame


You were in a Gauntlet.
You worshipped Ignis.
Ignis was most pleased with you.
You had temporarily grown beastly horns and talons.
You visited 1 branch of the dungeon, and saw 12 of its levels.
You also visited: Bailey and Gauntlet.

You collected 813 gold pieces.

Inventory:

Hand Weapons
 a - a +7 broad axe of flaming (weapon)
Missiles
 d - 4 atropa-tipped darts
 j - 30 poisoned darts (quivered)
 I - 19 boomerangs
Armour
 f - a +0 leather armour of fire resistance (worn)
 h - the +1 pair of boots of Inquiry (melded) {rF++ Str+5}
   (You acquired it in a bailey)

   Str:       It affects your strength (+5).
   rF:        It greatly protects you from fire.
 l - the +7 plate armour of Fedhas's Supremacy {Harm}
   (You found it on level 2 of the Dungeon)

   Harm:      It increases damage dealt and taken.
 o - an orb of guile
 p - a +1 cloak (worn)
 q - a +0 ring mail of poison resistance
 w - a +0 kite shield
 H - a +1 pair of gloves (worn)
 J - a +0 helmet (melded)
Jewellery
 e - a +4 ring of protection (left hand)
 i - an amulet of reflection (around neck)
Wands
 v - a wand of digging (10)
 y - a wand of flame (27)
 D - a wand of charming (16)
 G - a wand of iceblast (5)
Scrolls
 g - 2 scrolls of silence
 k - a scroll of summoning
 m - 4 scrolls of vulnerability
 t - 3 scrolls of fog
 z - 2 scrolls of amnesia
 A - 4 scrolls of teleportation {@r4}
 L - 4 scrolls of identify {@r1}
 N - a scroll of brand weapon
Potions
 b - a potion of lignification
 c - 5 potions of mutation
 n - 4 potions of heal wounds {unknown}
 r - 3 potions of degeneration {unknown}
 s - 2 potions of haste {unknown}
 u - a potion of flight
 x - a potion of brilliance {unknown}
 C - 2 potions of magic {unknown}
 E - a potion of curing {unknown}
 F - 2 potions of attraction {unknown}
 K - a potion of resistance {unknown}
 M - a potion of ambrosia {unknown}
Miscellaneous
 B - a tin of tremorstones (inert)


   Skills:
 - Level 10.3 Fighting
 * Level 15.1 Axes
 - Level 2.7 Throwing
 - Level 0.6 Armour
 - Level 9.2 Dodging
 - Level 9.9 Unarmed Combat
 - Level 1.5 Spellcasting
 - Level 1.3 Transmutations


You had 12 spell levels left.
You knew the following spells:

 Your Spells              Type           Power      Damage    Failure   Level
a - Beastly Appendage     Tmut           8%         N/A       19%         1

Your spell library contained the following spells:

 Spells                   Type           Power      Damage    Failure   Level
 Wereblood                Tmut           4%         N/A       28%         2
 Slow                     Hex            4%         N/A       32%         1
 Spider Form              Tmut/Pois      2%         N/A       58%         3
 Confusing Touch          Hex            1%         N/A       69%         3
 Inner Flame              Hex/Fire       1%         N/A       69%         3
 Vampiric Draining        Necr           1%         2d6       69%         3
 Ice Form                 Ice/Tmut       2%         N/A       94%         4
 Cause Fear               Hex            0%         N/A       97%         4
 Flame Wave               Conj/Fire      1%         2d4       97%         4
 Manifold Assault         Tloc           1%         N/A       97%         4
 Sticky Flame             Conj/Fire      1%         2d3       97%         4
 Dispersal                Tloc           0%         N/A       100%        6
 Dragon Form              Tmut           2%         N/A       100%        7
 Disjunction              Tloc           0%         N/A       100%        8
 Dragon's Call            Summ           0%         N/A       100%        9


Dungeon Overview and Level Annotations

Branches:
Dungeon (12/15)            Temple (0/1) D:7            Lair (0/5) D:11
    Orc (0/2) D:12         Bailey (visited)         Gauntlet (1/1)

Altars:
Ashenzari
Elyvilon
Fedhas
Hepliaklqana
Kikubaaqudgha
Nemelex Xobeh
Trog
Vehumet
Wu Jian
Yredelemnul
The Shining One
Ignis

Shops:
D:3 :

Annotations:
D:8 1 transporter Gauntlet 9 transporters, 1 runed translucent door


Innate Abilities, Weirdness & Mutations

You have temporarily grown beastly horns and talons.


Message History

You are too injured to fight recklessly!
You slash the balrug!
The balrug is moderately wounded.
The black mamba dissolves into shadows!
The balrug hits you with a +0 demon whip!
You are engulfed in flames.
You resist.
You slash the balrug!
The balrug is heavily wounded.
The balrug gestures at you. The sticky flame misses you.
You miss the balrug.
The balrug is heavily wounded.
The balrug hits you with a +0 demon whip!!
You are engulfed in flames.
You resist.
* * * LOW HITPOINT WARNING * * *
Okay, then.
Okay, then.
Casting: Beastly Appendage (safe; 17% risk of failure)
Confirm with . or Enter, or press ? or * to list all spells.
You grow a pair of large bovine horns.
Your feet morph into talons.
Your +0 helmet melds into your body.
The +1 pair of boots of Inquiry {rF++ Str+5} melds into your body.
The balrug barely misses you.
Unknown command.
You barely miss the balrug. Your kick misses the balrug.
The balrug is heavily wounded.
The balrug hits you with a +0 demon whip!
* * * LOW HITPOINT WARNING * * *
You are engulfed in flames.
You resist.
* * * LOW HITPOINT WARNING * * *
You hit the balrug. Your kick misses the balrug.
Your headbutt misses the balrug.
The balrug is heavily wounded.
The balrug barely misses you.
You barely miss the balrug. Your headbutt misses the balrug.
The balrug is heavily wounded.
The balrug hits you with a +0 demon whip.
* * * LOW HITPOINT WARNING * * *
You are engulfed in flames.
You resist.
You die...

#....©...©#©©###.©##2#.∩#.©...
#.....P...#..#.##..###..#...##
#..#P..#..#..#..##..##.8#.©.#
#.........#..#..2....#..#...##
#......xgg#..#########..#.....
###########..#..........##..##
#.........#..#########..###.#
#.........#..#.2.....#..≈# ##
#..##§##..#..#.#@###$#..##
#..≈###§..#..#.#..≈#:#..≈#
#..## ##§.#.©#.#.©≈#©#..##
#..≈# #≈..#..#.#..≈#.#..≈#
#..## ##..####.#+###[#..##
...§# #≈.....#.......#..≈#
..### ###....#########..## #≈#
#≈#.............≈# ###
###§#...........##


You could see a hell beast, a balrug and a boggart.

Vanquished Creatures
  An orc warlord (Bailey)
  3 two-headed ogres
  A wizard (Gauntlet)
  Maurice (D:8)
  A gargoyle (D:11)
  2 unseen horrors (D:11)
  A komodo dragon (D:9)
  A kobold demonologist (D:9)
  A hornet (D:9)
  7 yaks
  3 wyverns
  A basilisk (D:11)
  2 steam dragons
  2 vampires (D:11)
  4 vampire mosquitoes (D:10)
  4 water moccasins
  An acid dragon (D:10)
  10 orc warriors
  3 sky beasts
  A black bear (D:11)
  2 ice beasts
  2 ogres (D:6)
  2 centaurs
  A kobold brigand (D:9)
  4 bullfrogs
  2 necrophages
  2 gnoll sergeants
  3 scorpions
  7 wights
  8 killer bees
  5 howler monkeys
  A gnoll bouda (D:8)
  2 jellies
  9 orc priests
  12 orc wizards
  16 gnolls
  11 adders
  A shadow imp (Gauntlet)
  3 white imps
  3 ufetubi
  2 worms
  2 dart slugs (D:1)
  37 orcs
  9 ball pythons
  8 endoplasms
  2 giant cockroaches
  10 goblins
  12 hobgoblins
  7 jackals
  3 quokkas
  6 bats
  3 frilled lizards
  24 kobolds
  An orc zombie (D:12)
  A rat (D:3)
273 creatures vanquished.

Vanquished Creatures (others)
  A goblin (D:3)
  19 demonic plants (Gauntlet)
  13 foxfires (D:6)
  4 withered plants (Gauntlet)
37 creatures vanquished.

Grand Total: 310 creatures vanquished

Notes
Turn   | Place    | Note
-------+----------+-------------------------------------------
     0 | D:1      | freelancePsychic the Hill Orc Transmuter began the quest
                  | for the Orb.
     0 | D:1      | Reached XP level 1. HP: 16/16 MP: 3/3
   180 | D:1      | Reached XP level 2. HP: 24/24 MP: 4/4
   778 | D:1      | Reached XP level 3. HP: 23/30 MP: 5/5
  1156 | D:1      | Reached skill level 1 in Throwing
  1161 | D:1      | Reached XP level 4. HP: 32/38 MP: 6/6
  1213 | D:2      | Identified the +7 plate armour of Fedhas's Supremacy {Harm}
  1373 | D:2      | Found a faded altar of an unknown god.
  1377 | D:2      | Prayed at the altar of an unknown god.
  1377 | D:2      | Became a worshipper of Ignis, the Dying Flame
  1709 | D:3      | Reached XP level 5. HP: 23/45 MP: 7/7
  1901 | D:3      | Found a glowing golden altar of the Shining One.
  1903 | D:3      | Noticed an angel
  2125 | D:3      | Found Luiv Ots's Vocational Training.
  2332 | D:3      | Found a basalt altar of Yredelemnul.
  2334 | D:3      | Noticed a profane servitor
  2566 | D:4      | Noticed an ice beast
  2596 | D:3      | Killed an ice beast
  2597 | D:3      | Reached skill level 5 in Unarmed Combat
  2597 | D:3      | Reached XP level 6. HP: 38/52 MP: 8/8
  3168 | D:4      | HP: 2/53 [poisoned by a kobold]
  3494 | D:4      | Identified a scroll of acquirement
  3495 | D:4      | Acquired a manual of Dodging
  3599 | D:5      | Entered Level 5 of the Dungeon
  3839 | D:5      | Found an ancient bone altar of Kikubaaqudgha.
  4035 | D:5      | Reached skill level 5 in Fighting
  4035 | D:5      | Reached XP level 7. HP: 47/61 MP: 9/9
  4278 | D:6      | Found a radiant altar of Vehumet.
  4617 | D:6      | Found an ornate altar of the Wu Jian Council.
  4633 | D:6      | Reached XP level 8. HP: 33/71 MP: 10/10
  4939 | D:6      | Reached skill level 5 in Dodging
  5214 | D:6      | Found a broken altar of Ashenzari.
  5573 | D:7      | Found a bloodstained altar of Trog.
  5575 | D:7      | Found a blossoming altar of Fedhas.
  5949 | D:7      | Reached XP level 9. HP: 77/81 MP: 11/11
  6214 | D:7      | Found a white marble altar of Elyvilon.
  6650 | D:7      | Found a staircase to the Ecumenical Temple.
  6673 | D:7      | Found a hazy altar of Hepliaklqana.
  6960 | D:8      | Noticed Maurice
  6979 | D:8      | Killed Maurice
  7008 | D:8      | Found a flagged portal.
  7063 | Bailey   | Entered a bailey
  7086 | Bailey   | Noticed an orc warlord
  7168 | Bailey   | Reached XP level 10. HP: 46/91 MP: 12/12
  7338 | Bailey   | Found a runed translucent gate.
  7341 | Bailey   | Found a runed translucent gate.
  7343 | Bailey   | Found a runed translucent gate.
  7601 | Bailey   | Killed an orc warlord
  7602 | Bailey   | Reached skill level 10 in Fighting
  7737 | Bailey   | Acquired the +1 pair of boots of Inquiry {rF++ Str+5}
  7861 | D:8      | Reached skill level 1 in Axes
  8069 | D:8      | Noticed a two-headed ogre
  8079 | D:8      | Killed a two-headed ogre
  8080 | D:8      | Reached skill level 4 in Axes
  8197 | D:8      | Reached skill level 5 in Axes
  8284 | D:8      | Found a transporter.
  8378 | D:8      | Reached skill level 6 in Axes
  8516 | D:8      | Found a sparkling altar of Nemelex Xobeh.
  8678 | D:8      | Reached skill level 7 in Axes
  8838 | D:9      | Paralysed by a hornet for 1 turns
  8987 | D:9      | Reached skill level 8 in Axes
  9154 | D:9      | Reached skill level 9 in Axes
  9265 | D:9      | Noticed a kobold demonologist
  9271 | D:9      | Reached XP level 11. HP: 100/100 MP: 13/13
  9278 | D:9      | Reached skill level 10 in Axes
  9982 | D:10     | Entered Level 10 of the Dungeon
 10278 | D:10     | Reached skill level 11 in Axes
 10459 | D:10     | Reached skill level 12 in Axes
 11032 | D:11     | Noticed a two-headed ogre
 11047 | D:11     | Killed a two-headed ogre
 11048 | D:11     | Reached skill level 13 in Axes
 11184 | D:11     | Found a staircase to the Lair.
 11269 | D:11     | Reached skill level 14 in Axes
 11998 | D:12     | Noticed a two-headed ogre
 12008 | D:12     | Killed a two-headed ogre
 12063 | D:12     | Found a gate leading to a gauntlet.
 12075 | Gauntlet | Entered a Gauntlet
 12075 | Gauntlet | Found a transporter.
 12075 | Gauntlet | Found a transporter.
 12077 | Gauntlet | Noticed a wizard
 12120 | Gauntlet | Noticed a death scarab
 12122 | Gauntlet | Found a transporter.
 12135 | Gauntlet | Found a transporter.
 12151 | Gauntlet | Noticed a worldbinder
 12152 | Gauntlet | Found a transporter.
 12152 | Gauntlet | Found a transporter.
 12154 | Gauntlet | Found a transporter.
 12154 | Gauntlet | Found a transporter.
 12157 | Gauntlet | Noticed a hell beast
 12166 | Gauntlet | Found a transporter.
 12182 | Gauntlet | Found a transporter.
 12190 | Gauntlet | Found a runed translucent door.
 12192 | Gauntlet | Found a transporter.
 12194 | Gauntlet | Found a runed translucent door.
 12202 | Gauntlet | Noticed a balrug
 12206 | Gauntlet | Found a transporter.
 12226 | Gauntlet | Found a transporter.
 12226 | Gauntlet | Found a transporter.
 12257 | Gauntlet | Killed a wizard
 12258 | Gauntlet | Reached skill level 15 in Axes
 12351 | Gauntlet | a troll changed into a salamander
 12351 | Gauntlet | Noticed a salamander (shapeshifter)
 12358 | Gauntlet | a salamander changed into a black mamba
 12391 | Gauntlet | HP: 3/100 [balrug/+0 demon whip (4)]
 12391 | Gauntlet | Slain by a balrug

Illustrated notes

Levels and vault maps discovered:
D:1:      dpeg_arrival_simpleton_b, layout_loops_ring, minmay_3d_cube
D:2:      layout_rooms, hellmonk_ecumenical_altar_heavens_door
D:3:      layout_loops_ring, grunt_temple_overflow_holy_war, hex_large,
          wad_floor_pattern_2, minivault_14, nicolae_shop_vocational
D:4:      layout_loops_ring
D:5:      layout_gridville, nicolae_kikubaaqudgha_miasma_corner,
          minmay_misc_feat_x, saegor_snake_ambush
D:6:      layout_gridville, mainiacjoe_overflow_cross_hatched,
          nicolae_vehumet_radiance, nicolae_ashenzari_skybound, st_stairs_13
D:7:      layout_rooms, mainiacjoe_overflow_surrounded_room,
          chequers_temple_overflow_statue_of_worship,
          nicolae_elyvilon_peaceful_grove, minmay_temple_entry_mist,
          corexii_corridor_pit, hangedman_decor_diamond_cutter
D:8:      layout_basic, nemelex_spade_bored_becter, enter_bailey_4, st_stairs_6,
          nicolae_diode_basic, uniq_maurice
D:9:      layout_small_grid, minmay_misc_feat_rows
D:10:     layout_roguey
D:11:     layout_loops_cross, david_lair_generic
D:12:     layout_basic, zombieorc1_lemuel, gauntlet_entry_generic
Gauntlet: gammafunk_gauntlet_mixed_choke_point
          [minmay_gauntlet_arena_77_p_blocks,
          minmay_gauntlet_arena_77_radiant_squares,
          minmay_gauntlet_arena_77_checkered, gammafunk_gauntlet_arena_hedges,
          minmay_gauntlet_arena_77_shame_cube,
          minmay_gauntlet_arena_77_two_lines, minmay_gauntlet_arena_77_museum,
          gauntlet_exit_hidden_loot]

Skill      XL: |  1  2  3  4  5  6  7  8  9 10 11 |
---------------+----------------------------------+-----
Fighting       | 2 3 4 5 6 8 9 10 | 10.3
Unarmed Combat | 4 5 6 8 9 |  9.9
Throwing       | 1 2 |  2.7
Dodging        | 2 4 6 8 9 |  9.2
Axes           | 9 15 | 15.1
Armour         | |  0.6
Spellcasting   | |  1.5
Transmutations | |  1.3

Action                   |  1- 3 |  4- 6 |  7- 9 | 10-12 || total
-------------------------+-------+-------+-------+-------++-------
Melee: Unarmed           |   128 |   256 |   347 |    39 ||   770
       Punch             |     2 |     9 |    19 |    10 ||    40
       Broad axe         |       |       |       |   273 ||   273
Throw: Dart              |     7 |    10 |    31 |    29 ||    77
       Boomerang         |       |       |       |     3 ||     3
       Throwing net      |       |       |       |     1 ||     1
 Cast: Beastly Appendage |       |       |       |     1 ||     1
Invok: Fiery Armour      |       |     2 |       |     1 ||     3
       Foxfire Swarm     |       |       |     1 |       ||     1
Evoke: Wand              |       |       |     5 |     8 ||    13
       Tin of tremorston |       |       |       |     2 ||     2
  Use: Scroll            |     3 |     5 |     4 |    14 ||    26
 Stab: Sleeping          |     1 |       |       |       ||     1
       Held in net/web   |       |       |       |     2 ||     2
Armor: Robe              |    12 |       |       |       ||    12
       Leather armour    |    65 |   110 |    94 |   104 ||   373
Dodge: Dodged            |   140 |   145 |   205 |   213 ||   703
Block: Other             |       |    12 |    76 |    76 ||   164
       Reflection        |       |       |     3 |     4 ||     7

Table legend: (Time is in decaauts)
 A = Elapsed time spent in this place.
 B = Non-inter-level travel time spent in this place.
 C = Inter-level travel time spent in this place.
 D = Time resting spent in this place.
 E = Time spent auto-exploring this place.
 F = Levels seen in this place.
 G = Mean time per level.
                   A        B        C        D        E       F      G
               +--------+--------+--------+--------+--------+-----+--------+
         Total |  12380 |  11665 |    715 |    584 |   8634 |  14 |  884.3 |
       Dungeon |  11333 |  10618 |    715 |    551 |   7959 |  12 |  944.4 |
        Bailey |    733 |    733 |      0 |      0 |    463 |   1 |  733.0 |
      Gauntlet |    313 |    313 |      0 |     33 |    211 |   1 |  313.0 |
               +--------+--------+--------+--------+--------+-----+--------+

Top non-repeatable levels by time:
     D:6: 1428 daAuts
     D:3: 1254 daAuts
     D:9: 1205 daAuts
     D:1: 1170 daAuts
     D:8: 1145 daAuts
     D:7: 1144 daAuts
    D:11: 1135 daAuts
    D:10: 857 daAuts
     D:5: 749 daAuts
  Bailey: 733 daAuts
     D:4: 708 daAuts
     D:2: 441 daAuts
Gauntlet: 313 daAuts
    D:12: 92 daAuts
